 Dungeon Crawl Stone Soup version 0.31-a0-1447-g87ca8d402b (webtiles) character file.

Game seed: 1889519062608855053

4905 kae the Covert (level 10, 0/66 (74) HPs)
             Began as a Demonspawn Enchanter on Dec 27, 2023.
             Was a Believer of Dithmenos.
             Slain by a death yak (14 damage)
             ... on level 8 of the Dungeon.
             The game lasted 00:07:14 (6746 turns).

kae the Covert (Demonspawn Enchanter)               Turns: 6746, Time: 00:07:15

HP:   0/66 (74)     AC: 11    Str:  9    XL:     10   Next: 27%
MP:   0/18          EV: 12    Int: 17    God:    Dithmenos [**....]
Gold: 372           SH:  0    Dex: 26    Spells: 6/19 levels left

rFire   . . .        a - +2 dagger
rCold   . . .        (no shield)
rNeg    . . .        r - +0 leather armour of Gammacah {rElec Regen+ rCorr Int+2}
rPois   .            (helmet restricted)
rElec   +            z - +1 cloak
rCorr   +            n - +0 pair of gloves
SInv    .            w - +0 pair of boots
Will    .....        G - amulet of guardian spirit
Stlth   +++++++      O - +4 ring of protection
HPRegen 1.11/turn    D - +6 ring of dexterity
MPRegen 0.32/turn

%: guardian spirit
@: confusing by touch, wreathed by umbra, heavily drained
A: antennae 1, thin skeletal structure 1, foul stench 1, magic shield, magic
regeneration
a: Renounce Religion, Shadow Step


You were on level 8 of the Dungeon.
You worshipped Dithmenos.
Dithmenos was pleased with you.
You visited 2 branches of the dungeon, and saw 9 of its levels.

You collected 372 gold pieces.


Innate Abilities, Weirdness & Mutations

You have a pair of small antennae on your head.
You have a somewhat thin skeletal structure. (Dex +2, Stealth+)
You may rarely emit foul miasma when damaged in melee.
When hurt, damage is shared between your health and your magic reserves.
You regenerate magic rapidly.


   Skills:
 + Level 5.3 Fighting
 * Level 7.0 Short Blades
 - Level 1.7 Dodging
 * Level 8.1 Stealth
 + Level 5.3 Spellcasting
 + Level 6.0 Hexes
 + Level 4.4 Ice Magic


You had 6 spell levels left.
You knew the following spells:

 Your Spells              Type           Power      Damage    Failure   Level
a - Ensorcelled Hibernat  Hex/Ice        44%        N/A       3%          2
b - Confusing Touch       Hex            25%        N/A       4%          3
c - Tukima's Dance        Hex            25%        N/A       4%          3
d - Dazzling Flash        Conj/Hex       28%        N/A       17%         3
e - Jinxbite              Hex            50%        N/A       2%          2

Your spell library contained the following spells:

 Spells                   Type           Power      Damage    Failure   Level
 Sublimation of Blood     Necr           4%         N/A       28%         2
 Mephitic Cloud           Conj/Alch/Air  4%         N/A       50%         3
 Silence                  Hex/Air        7%         N/A       83%         5
 Yara's Violent Unravell  Hex/Alch       7%         3d5       83%         5
 Manifold Assault         Tloc           4%         N/A       88%         4
 Petrify                  Alch/Erth      4%         N/A       88%         4
 Curse of Agony           Necr           4%         N/A       99%         5
 Irradiate                Conj/Alch      2%         3d12      99%         5
 Dispersal                Tloc           2%         N/A       100%        6
 Enfeeble                 Hex            12%        N/A       100%        7
 Disjunction              Tloc           2%         N/A       100%        8

Inventory:

Hand Weapons
 a - a +2 dagger (weapon)
 A - a +1 dagger of venom
   (You took it off an orc priest on level 5 of the Dungeon)
Missiles
 m - 76 stones
 t - 5 boomerangs
 x - 11 poisoned darts
 y - 3 javelins
 S - 4 atropa-tipped darts
Armour
 b - a +0 robe
 n - a +0 pair of gloves (worn)
   (You found it on level 2 of the Dungeon)
 r - the +0 leather armour of Gammacah (worn) {rElec Regen+ rCorr Int+2}
   (You found it on level 2 of the Dungeon)

   Int+2:     It affects your intelligence (+2).
   rElec:     It insulates you from electricity.
   Regen+:    It increases your rate of health regeneration.
   rCorr:     It protects you from acid and corrosion.
 w - a +0 pair of boots (worn)
   (You found it on level 4 of the Dungeon)
 z - a +1 cloak (worn)
   (You took it off Crazy Yiuf on level 5 of the Dungeon)
Magical Staves
 L - a staff of fire {!a}
   (You found it on level 7 of the Dungeon)
 M - a staff of fire {!a}
   (You found it on level 7 of the Dungeon)
Jewellery
 c - a ring of protection from cold
   (You found it on level 7 of the Dungeon)
 e - a +5 ring of evasion
   (You found it on level 5 of the Dungeon)
 v - an amulet of magic regeneration
   (You found it on level 4 of the Dungeon)
 C - a ring of protection from cold
   (You found it on level 2 of the Dungeon)
 D - a +6 ring of dexterity (right hand)
   (You found it on level 2 of the Dungeon)
 F - a ring of fire
   (You found it on level 7 of the Dungeon)
 G - an amulet of guardian spirit (around neck)
   (You found it on level 5 of the Dungeon)
 O - a +4 ring of protection (left hand)
   (You found it on level 1 of the Dungeon)
 P - a ring of protection from cold
   (You found it on level 7 of the Dungeon)
Wands
 g - a wand of roots (8)
   (You took it off Ijyb on level 3 of the Dungeon)
 B - a wand of mindburst (8)
   (You found it on level 5 of the Dungeon)
 H - a wand of charming (24)
   (You found it on level 6 of the Dungeon)
Scrolls
 f - 2 scrolls of teleportation {@r4}
 k - 2 scrolls of vulnerability {!r!r}
 p - 2 scrolls of fear
 u - a scroll of revelation
 I - a scroll of identify {@r1}
 R - a scroll of blinking {!r}
Potions
 d - 5 potions of brilliance {unknown}
 h - a potion of cancellation {unknown}
 i - 5 potions of curing {unknown}
 j - 3 potions of mutation {unknown}
 l - a potion of resistance {unknown}
 o - 2 potions of heal wounds {@q2}
 q - a potion of enlightenment {unknown}
 s - a potion of magic {unknown}
 E - 4 potions of lignification {unknown}
 J - 2 potions of haste {unknown}
 N - 2 potions of invisibility
Miscellaneous
 K - a phantom mirror
   (You found it on level 7 of the Dungeon)

Dungeon Overview and Level Annotations

Branches:
Dungeon (8/15) Zot: 26843  Temple (1/1) D:4 Zot: 5987    Lair (0/5) D:8

Altars:
Ashenzari
Cheibriados
Dithmenos
Fedhas
Gozag
Hepliaklqana
Kikubaaqudgha
Makhleb
Nemelex Xobeh
Okawaru
Qazlal
Ru
Sif Muna
Uskayaw
Vehumet
Wu Jian
Xom
Yredelemnul

Shops:
D:4 (

Annotations:
D:3 4 runed translucent doors, MrClown's ghost, weakling MiGl; night's ghost, amateur OpSh
D:4 2 transporters, TobyConnect's ghost, amateur OpAE

..#.#r#F#[#.#.#
#.##{#.#.#.#.#
#.#{#.#.#.#.#.#
#.##.#.#.#.#.#.#
#.#.#.#.#.#.#.##
#.##†#.#.#.#.#.
##.#.#.#.#.#.#.#
##..F#Y#.###..###
.####....@.#.#
.##
...........#.# #
####.....##.#
##.....#.#
##<##.#.# ###
.#.# .... .>.#
###


You could see a death yak (very poisoned) and a bullfrog.


Message History

😕 HP[+1]
You barely miss the river rat.
You punch the river rat, but do no damage.
The river rat closely misses you.
You hit the river rat but do no damage. 😕 HP[+2]
You regained 2 hp, and now have 64/66 hp.
The yak bellows!
You hit the death yak.
You hear a bellow!
You hear a deafening roar!
You hear a bellow! x2
You hit the death yak but do no damage. 😕 HP[+1] MP[+1]
Your mp is fully restored (18).
You hit the death yak but do no damage.
The death yak gores you but does no damage.
You hit the death yak but do no damage.
You hear a loud, deep croak! 😎 HP[+1]
Your hp is fully restored (66).
Casting: Ensorcelled Hibernation (safe; 3% risk of failure)
Confirm with . or Enter, or press ? or * to list all spells.
Aiming: Ensorcelled Hibernation (safe; 3% risk of failure)
Press: ? - help, Shift-Dir - straight line, f - death yak
Aim: a death yak (umbra, chance to affect: 3%)
The death yak resists with almost no effort.
The death yak gores you!!
You hear a croak. 😕 HP[-14] MP[-6]
You take 14 damage, and now have 52/66 hp.
MASSIVE DAMAGE!! (PAUSE)
You lost 6 mp, and now have 12/18 mp. 😕 HP[+1] 😕 HP[+1] MP[+1] 😕 HP[+1]
A bullfrog comes into view. 😕 HP[+1] 😕 HP[+2] MP[+1]
You regained 2 hp, and now have 58/66 hp.
The death yak attacks as it pursues you!
The death yak barely misses you.
Things that are here:
a quokka corpse; a bullfrog corpse; 😕 HP[+1] 😕 HP[+1] 😕 HP[+1] MP[+1] 😕 HP[+1]
Casting: Ensorcelled Hibernation (safe; 3% risk of failure)
Confirm with . or Enter, or press ? or * to list all spells.
Your hands begin to glow red.
The death yak gores you!!
You hear a croak.
The death yak barely misses you. 😮 HP[-14] MP[-6]
You take 14 damage, and now have 48/66 hp.
MASSIVE DAMAGE!! (PAUSE)
You lost 6 mp, and now have 9/18 mp.
You hit the death yak but do no damage.
The death yak gores you! 😮 HP[-13] MP[-3]
You take 13 damage, and now have 35/66 hp.
You lost 3 mp, and now have 6/18 mp.
You hit the death yak but do no damage.
You punch the death yak. 😮 HP[+1] Unknown command.
You hit the death yak but do no damage. The death yak gores you!
* * * LOW HITPOINT WARNING * * *
😨 HP[-10] MP[-2]
You take 10 damage, and now have 26/66 hp.
You lost 2 mp, and now have 4/18 mp.
You hit the death yak but do no damage. The death yak gores you.
* * * LOW HITPOINT WARNING * * *
You emit a cloud of foul miasma! 😨 HP[-4]
You take 4 damage, and now have 22/66 hp.
Unknown command.
You hit the death yak but do no damage. 😨 HP[+1] MP[+1] Unknown command.
You hit the death yak but do no damage.
You hear a croak.
The death yak is engulfed in dark miasma.
The death yak is poisoned.
The death yak gores you.
* * * LOW HITPOINT WARNING * * *
You hear a bellow! 😨 MP[-1]
You lost 1 mp, and now have 4/18 mp.
Unknown command.
You hit the death yak but do no damage.
You hear a bellow!
The death yak is engulfed in dark miasma.
The death yak looks even sicker.
The death yak gores you!
* * * LOW HITPOINT WARNING * * *
😱 HP[-11] MP[-2]
You take 11 damage, and now have 12/66 hp.
You lost 2 mp, and now have 2/18 mp.
Unknown command.
You completely miss the death yak.
The bullfrog misses you. 😱 HP[+1] Unknown command.
You barely miss the death yak. The bullfrog misses you.
The death yak is engulfed in dark miasma.
The death yak looks even sicker.
The death yak gores you!
You die...

Skill      XL: |  1  2  3  4  5  6  7  8  9 10 |
---------------+-------------------------------+-----
Short Blades   | 1 2 3 4 5 6 7 |  7.0
Stealth        | 3 4 5 6 7 8 |  8.1
Fighting       | 1 2 3 4 5 |  5.3
Ice Magic      | 1 2 3 4 |  4.4
Spellcasting   | 3 4 5 |  5.3
Hexes          | 4 5 6 |  6.0
Dodging        | |  1.7

Action                     |  1- 3 |  4- 6 |  7- 9 | 10-12 || total
---------------------------+-------+-------+-------+-------++-------
  Melee: Dagger            |   158 |   167 |   225 |   124 ||   674
         Punch             |     2 |     2 |     3 |     2 ||     9
   Cast: Ensorcelled Hiber |     6 |     8 |    34 |     8 ||    56
         Confusing Touch   |     1 |       |     5 |     1 ||     7
    Use: Scroll            |       |     9 |     3 |     2 ||    14
   Stab: Sleeping          |    13 |    24 |    50 |     7 ||    94
         Confused          |     1 |       |     3 |       ||     4
 Armour: Robe              |    97 |     1 |       |       ||    98
         Leather armour    |       |    76 |   146 |    57 ||   279
  Dodge: Dodged            |   121 |   100 |   131 |    57 ||   409

Levels and vault maps discovered:
D:1:      ncdulo_wetmaze, layout_basic
D:2:      layout_rooms, serial_bayou, serial_bayou_pond_a,
          serial_bayou_lagoon_a, serial_bayou_ford_a, serial_bayou_shore_a,
          minmay_quadrilaterals, uniq_terence
D:3:      layout_loops_corners, nicolae_yredelemnul_ghost_church,
          amethyst_overflow_temple_binary, ebering_ghost_sewer_d,
          dreamdust_ecumenical_altar_statues, uniq_ijyb, uniq_robin
D:4:      layout_gridville, marbit_many_paths, minmay_temple_entry_antechambers,
          gammafunk_ghost_arena, serial_shops, shop_statue,
          kennysheep_windowed_goal
D:5:      layout_loops_corners, mainiacjoe_overflow_two_lobes,
          uniq_crazy_yiuf_cottage
D:6:      layout_rooms, hellmonk_no_cap, uniq_duvessa
D:7:      minmay_the_grid_four_pointed_star
          [minmay_the_grid_triangle_9x9_stretched_checkered,
          minmay_the_grid_triangle_9x9_corruption,
          minmay_the_grid_triangle_9x9_wacky_v,
          minmay_the_grid_triangle_9x9_zippers_horizontal,
          minmay_the_grid_prize_diamond_cup], layout_loops_cross,
          kennysheep_little_box, mainiacjoe_overflow_brackets, minmay_circle_x,
          uniq_jeremiah
D:8:      layout_loops_ring, dpeg_lair_monsters, chequers_big_river,
          minivault_23, serial_library_hellmonk_octagon
Temple:   hellmonk_temple_two_chambers

Notes
Turn   | Place    | Note
-------+----------+-------------------------------------------
     0 | D:1      | kae the Demonspawn Enchanter began the quest for the Orb.
     0 | D:1      | Reached XP level 1. HP: 13/13 MP: 3/3
     0 | D:1      | magus.rc [v1.11.3]
    57 | D:1      | Reached skill level 1 in Short Blades
   101 | D:1      | Gained mutation: You have a somewhat thin skeletal
                  | structure. (Dex +2, Stealth+) [demonic ancestry]
   101 | D:1      | Reached XP level 2. HP: 20/20 MP: 5/5
   104 | D:1      | Learned a level 2 spell: Ensorcelled Hibernation
   228 | D:1      | Reached skill level 3 in Stealth
   379 | D:1      | Reached skill level 1 in Fighting
   457 | D:1      | Reached XP level 3. HP: 26/26 MP: 6/6
   461 | D:1      | Learned a level 3 spell: Confusing Touch
  1085 | D:2      | Noticed Terence
  1099 | D:2      | Killed Terence
  1100 | D:2      | Reached skill level 2 in Short Blades
  1100 | D:2      | Reached XP level 4. HP: 26/32 MP: 4/7
  1162 | D:2      | Identified the +0 leather armour of Gammacah {rElec Regen+
                  | rCorr Int+2}
  1478 | D:3      | Noticed Ijyb
  1489 | D:3      | Killed Ijyb
  1490 | D:3      | Gained mutation: You have a pair of small antennae on your
                  | head. [demonic ancestry]
  1490 | D:3      | Reached XP level 5. HP: 34/37 MP: 5/8
  1615 | D:3      | Reached skill level 1 in Ice Magic
  1634 | D:3      | Found a faded altar of an unknown god.
  1769 | D:3      | Found a runed translucent door.
  1796 | D:3      | Noticed night's ghost (amateur OpSh)
  1900 | D:3      | Noticed Robin
  1922 | D:3      | Killed Robin
  1944 | D:3      | Found a radiant altar of Vehumet.
  1954 | D:3      | Found an ancient bone altar of Kikubaaqudgha.
  2190 | D:3      | Found a runed translucent gate.
  2190 | D:3      | Found a runed translucent gate.
  2190 | D:3      | Found a runed translucent gate.
  2190 | D:3      | Noticed MrClown's ghost (weakling MiGl)
  2192 | D:3      | Found a basalt altar of Yredelemnul.
  2342 | D:4      | Learned a level 3 spell: Tukima's Dance
  2385 | D:4      | Found a staircase to the Ecumenical Temple.
  2517 | Temple   | Entered the Ecumenical Temple
  2523 | Temple   | Became a worshipper of Dithmenos the Shadowed
  2587 | D:4      | Found a broken altar of Ashenzari.
  2617 | D:4      | Found a transporter.
  2618 | D:4      | Noticed TobyConnect's ghost (amateur OpAE)
  2623 | D:4      | Noticed an ogre
  2631 | D:4      | Found a transporter.
  2832 | D:4      | Reached skill level 4 in Stealth
  2881 | D:4      | Reached skill level 2 in Fighting
  2881 | D:4      | Gained mutation: You regenerate magic rapidly. [demonic
                  | ancestry]
  2881 | D:4      | Reached XP level 6. HP: 44/44 MP: 10/10
  2996 | D:4      | Reached skill level 3 in Short Blades
  3014 | D:4      | Reached skill level 3 in Spellcasting
  3268 | D:4      | Found Xais's Antique Weapon Boutique.
  3294 | D:4      | Reached XP level 7. HP: 51/51 MP: 8/11
  3309 | D:4      | Learned a level 3 spell: Dazzling Flash
  3404 | D:5      | Entered Level 5 of the Dungeon
  3450 | D:5      | Reached skill level 4 in Hexes
  3494 | D:5      | Reached skill level 2 in Ice Magic
  3495 | D:5      | You pick up a book of the Warp and begin reading...
  3495 | D:5      | You add the spells Manifold Assault, Dispersal and
                  | Disjunction to your library.
  3585 | D:5      | HP: 5/51 [orc priest/divine providence (11)]
  3588 | D:5      | HP: 2/51 [poisoned by an orc priest]
  3593 | D:5      | HP: 3/51 [poisoned by an orc priest]
  3747 | D:5      | Reached skill level 5 in Stealth
  3763 | D:5      | Reached * piety under Dithmenos
  3898 | D:5      | Found a runed translucent door.
  3899 | D:5      | Noticed Crazy Yiuf
  4219 | D:5      | Reached skill level 3 in Fighting
  4219 | D:5      | Reached skill level 4 in Short Blades
  4256 | D:5      | Found a hide-covered altar of Uskayaw.
  4285 | D:5      | Found a shimmering blue altar of Sif Muna.
  4587 | D:5      | Killed Crazy Yiuf
  4658 | D:6      | Gained mutation: You may rarely emit foul miasma when
                  | damaged in melee. [demonic ancestry]
  4658 | D:6      | Reached XP level 8. HP: 58/58 MP: 13/13
  5024 | D:6      | You pick up a book of Misfortune and begin reading...
  5024 | D:6      | You add the spells Jinxbite, Yara's Violent Unravelling and
                  | Enfeeble to your library.
  5163 | D:6      | Reached skill level 6 in Stealth
  5163 | D:6      | Reached skill level 4 in Spellcasting
  5183 | D:6      | Noticed Dowan
  5184 | D:6      | Noticed Duvessa
  5199 | D:6      | Killed Duvessa
  5200 | D:6      | Reached skill level 5 in Short Blades
  5200 | D:6      | Reached skill level 3 in Ice Magic
  5218 | D:6      | Killed Dowan
  5219 | D:6      | Reached skill level 4 in Fighting
  5405 | D:6      | Reached ** piety under Dithmenos
  5475 | D:7      | Learned a level 2 spell: Jinxbite
  5567 | D:7      | Reached skill level 5 in Hexes
  5569 | D:7      | Gained mutation: When hurt, damage is shared between your
                  | health and your magic reserves. [demonic ancestry]
  5569 | D:7      | Reached XP level 9. HP: 65/65 MP: 15/15
  5580 | D:7      | Noticed a centaur warrior
  5616 | D:7      | Killed a centaur warrior
  5617 | D:7      | Reached skill level 7 in Stealth
  5620 | D:7      | Reached skill level 6 in Short Blades
  5627 | D:7      | Identified the +2 plate armour of the Lute {^Drain rPois
                  | rF- Dex+6}
  5633 | D:7      | You pick up a book of the Senses and begin reading...
  5633 | D:7      | You add the spells Mephitic Cloud, Curse of Agony and
                  | Silence to your library.
  5807 | D:7      | Reached skill level 4 in Ice Magic
  5999 | D:7      | Identified the +6 mace of Sandy Resourcefulness {protect,
                  | *Rage rElec rN++ Stlth+}
  6010 | D:7      | Reached skill level 5 in Fighting
  6010 | D:7      | Reached skill level 5 in Spellcasting
  6022 | D:7      | Reached XP level 10. HP: 60/74 MP: 4/17
  6267 | D:7      | Found an ornate altar of the Wu Jian Council.
  6269 | D:7      | Noticed Jeremiah
  6277 | D:7      | Killed Jeremiah
  6506 | D:7      | Found an iron altar of Okawaru.
  6510 | D:7      | Reached skill level 8 in Stealth
  6572 | D:8      | You pick up a book of Transmutation and begin reading...
  6572 | D:8      | You add the spells Sublimation of Blood, Petrify and
                  | Irradiate to your library.
  6596 | D:8      | Reached skill level 7 in Short Blades
  6596 | D:8      | Reached skill level 6 in Hexes
  6602 | D:8      | Noticed a death yak
  6603 | D:8      | Noticed a death yak
  6604 | D:8      | Found a staircase to the Lair.
  6604 | D:8      | Noticed a death yak
  6744 | D:8      | HP: 12/66 [death yak (11)]
  6746 | D:8      | Slain by a death yak

Vanquished Creatures
  A centaur warrior (D:7)
  Jeremiah (D:7)
  A troll (D:7)
  A yak (D:8)
  A vampire mosquito (D:7)
  A steam dragon (D:7)
  3 water moccasins (D:7)
  Duvessa (D:6)
  3 sky beasts (D:7)
  An ice beast (D:6)
  2 black bears
  An ogre (D:7)
  2 orc warriors (D:7)
  3 centaurs
  A kobold brigand (D:7)
  2 bullfrogs
  8 scorpions
  Dowan (D:6)
  4 howler monkeys
  2 jellies
  A bombardier beetle (D:5)
  2 hounds
  Crazy Yiuf (D:5)
  2 orc priests
  Ijyb (D:3)
  A gnoll bouda (D:5)
  6 sleepcaps
  8 iguanas
  Terence (D:2)
  4 orc wizards
  A hell rat (D:8)
  A hound zombie (D:3)
  Robin (D:3)
  5 adders
  7 gnolls
  2 river rats (D:8)
  A shadow imp (D:6)
  A white imp (D:5)
  An ufetubus (D:7)
  2 dart slugs
  13 orcs
  10 bats
  7 endoplasms
  4 giant cockroaches
  9 goblins
  11 hobgoblins
  8 jackals
  6 quokkas
  7 ball pythons
  4 frilled lizards
  12 kobolds
  A quokka zombie (D:3)
  5 rats
186 creatures vanquished.

Vanquished Creatures (others)
  A sky beast (D:7)
1 creature vanquished.

Grand Total: 187 creatures vanquished

Table legend:
 A = Non-vault XP
 B = Vault XP
 C = Vault XP percentage of total XP
 D = Non-vault monster count
 E = Vault monster count
 F = Vault count percentage of total count
                 A         B        C        D         E       F
            +---------+---------+-------+---------+---------+-------
      Total |    3929 |    3079 |  43.9 |     135 |      52 |  27.8
            +---------+---------+-------+---------+---------+-------
        D:1 |      42 |       0 |   0.0 |      24 |       0 |   0.0
        D:2 |      52 |      57 |  52.3 |      23 |       8 |  25.8
        D:3 |      72 |      97 |  57.4 |      12 |      14 |  53.8
        D:4 |     475 |       3 |   0.6 |      20 |       2 |   9.1
        D:5 |     516 |      41 |   7.4 |      17 |       1 |   5.6
        D:6 |     983 |     364 |  27.0 |      21 |       5 |  19.2
        D:7 |    1488 |    2456 |  62.3 |      16 |      17 |  51.5
        D:8 |     301 |      61 |  16.9 |       2 |       5 |  71.4
            +---------+---------+-------+---------+---------+-------

Skill      XL: |  1  2  3  4  5  6  7  8  9 10 |
---------------+-------------------------------+-----
Short Blades   | 1 2 3 4 5 6 7 |  7.0
Stealth        | 3 4 5 6 7 8 |  8.1
Fighting       | 1 2 3 4 5 |  5.3
Ice Magic      | 1 2 3 4 |  4.4
Spellcasting   | 3 4 5 |  5.3
Hexes          | 4 5 6 |  6.0
Dodging        | |  1.7

Action                     |  1- 3 |  4- 6 |  7- 9 | 10-12 || total
---------------------------+-------+-------+-------+-------++-------
  Melee: Dagger            |   158 |   167 |   225 |   124 ||   674
         Punch             |     2 |     2 |     3 |     2 ||     9
   Cast: Ensorcelled Hiber |     6 |     8 |    34 |     8 ||    56
         Confusing Touch   |     1 |       |     5 |     1 ||     7
    Use: Scroll            |       |     9 |     3 |     2 ||    14
   Stab: Sleeping          |    13 |    24 |    50 |     7 ||    94
         Confused          |     1 |       |     3 |       ||     4
 Armour: Robe              |    97 |     1 |       |       ||    98
         Leather armour    |       |    76 |   146 |    57 ||   279
  Dodge: Dodged            |   121 |   100 |   131 |    57 ||   409

Illustrated notes

Table legend:
 A = Kills in this place as a percentage of kills in the entire game.
 B = Kills by you in this place as a percentage of kills by you in the entire game.
 C = Kills by friends in this place as a percentage of kills by friends in the entire game.
 D = Other kills in this place as a percentage of other kills in the entire game.
 E = Experience gained in this place as a percentage of experience gained in the entire game.
 F = Experience gained in this place divided by the number of levels of this place that you have seen.
                   A       B       C       D       E      F
               +-------+-------+-------+-------+-------+----------------------
         Total | 100.0 | 100.0 |   N/A | 100.0 | 100.0 | 778.7
       Dungeon | 100.0 | 100.0 |   N/A | 100.0 | 100.0 | 876.0
               +-------+-------+-------+-------+-------+----------------------

Table legend: (Time is in decaauts)
 A = Elapsed time spent in this place.
 B = Non-inter-level travel time spent in this place.
 C = Inter-level travel time spent in this place.
 D = Time resting spent in this place.
 E = Time spent auto-exploring this place.
 F = Levels seen in this place.
 G = Mean time per level.
                   A        B        C        D        E       F      G
               +--------+--------+--------+--------+--------+-----+--------+
         Total |   6651 |   6239 |    412 |    104 |   4667 |   9 |  739.0 |
       Dungeon |   6638 |   6232 |    406 |    104 |   4667 |   8 |  829.8 |
        Temple |     12 |      6 |      6 |      0 |      0 |   1 |   12.0 |
               +--------+--------+--------+--------+--------+-----+--------+

Top non-repeatable levels by time:
     D:5: 1361 daAuts
     D:7: 1064 daAuts
     D:4: 1042 daAuts
     D:3: 982 daAuts
     D:2: 812 daAuts
     D:6: 668 daAuts
     D:1: 550 daAuts
     D:8: 155 daAuts
  Temple: 12 daAuts
